PAA
SPRINGFIELD SHOOTERS @ SUN PRAIRIE SWALLOWS
08/28/2022
 
TOP OF THE 1ST
Springfield Shooters batting - Pitching for Sun Prairie Swallows : RHP Scott Woodger
Pitching: RHP Scott Woodger
Batting: LHB Torquato Villani 0-0: Called Strike
0-1: Called Strike
0-2: Ball
1-2: Ground out 4-3 (Groundball, 34)
Batting: RHB Roy Herring 0-0: Swinging Strike
0-1: Foul Ball, location: 2F
0-2: Hit by Pitch
Batting: RHB Tom Potts 0-0: Foul Ball, location: 2F
0-1: SINGLE (Groundball, 56)
Roy Herring to second
Batting: RHB José López 0-0: Called Strike
0-1: SINGLE (Line Drive, 6MD)
Roy Herring to third
Tom Potts to second
Batting: RHB Ethan Miller 0-0: Ball
1-0: Ball
2-0: Called Strike
2-1: Ball
3-1: DOUBLE (Line Drive, 8LXD)
Roy Herring scores
Tom Potts scores
José López to third
Batting: RHB Frank Crocker 0-0: Ball
1-0: SINGLE (Groundball, 6MD) (infield hit)
José López scores
Ethan Miller to third
Batting: LHB Ray Anderson 0-0: Grounds out, U3 (Groundball, 3L)
Ethan Miller scores
Batting: RHB Roberto Alonzo 0-0: Called Strike
0-1: Ball
1-1: Ball
2-1: Called Strike
2-2: Fly out, F5 (Line Drive, 5)
Top of the 1st over - 4 run(s), 4 hit(s), 0 error(s), 1 left on base; Springfield 4 - Sun Prairie 0
BOTTOM OF THE 1ST
Sun Prairie Swallows batting - Pitching for Springfield Shooters : RHP Antonio Godfrey
Pitching: RHP Antonio Godfrey
Batting: RHB José Silva 0-0: SINGLE (Groundball, 56D)
Batting: RHB Reece White 0-0: Called Strike
0-1: Foul Ball, location: 2F
0-2: Strikes out swinging
Batting: LHB Bobby Moore 0-0: Ball
1-0: Ball
2-0: Called Strike
2-1: Ball
3-1: Fly out, F7 (Flyball, 78XD)
Batting: RHB José Carlos Ramos 0-0: Called Strike
0-1: Swinging Strike
0-2: Ball
1-2: Foul Ball, location: 2F
1-2: Ground out 5-3 (Groundball, 56S)
Bottom of the 1st over - 0 run(s), 1 hit(s), 0 error(s), 1 left on base; Springfield 4 - Sun Prairie 0
TOP OF THE 2ND
Springfield Shooters batting - Pitching for Sun Prairie Swallows : RHP Scott Woodger
Batting: SHB Jack Bell 0-0: Foul Ball, location: 2F
0-1: Ball
1-1: Called Strike
1-2: Ball
2-2: Ball
3-2: Foul Ball, location: 2F
3-2: Fly out, F9 (Flyball, 9M)
Batting: LHB Torquato Villani 0-0: Swinging Strike
0-1: Foul Ball, location: 2F
0-2: Ball
1-2: Ground out U3 (Groundball, 3S)
Batting: RHB Roy Herring 0-0: Ball
1-0: Ball
2-0: Foul Ball, location: 2F
2-1: Swinging Strike
2-2: Ground out 5-3 (Groundball, 5)
Top of the 2nd over - 0 run(s), 0 hit(s), 0 error(s), 0 left on base; Springfield 4 - Sun Prairie 0
BOTTOM OF THE 2ND
Sun Prairie Swallows batting - Pitching for Springfield Shooters : RHP Antonio Godfrey
Batting: RHB Scott Forrest 0-0: Ball
1-0: Ball
2-0: DOUBLE (Flyball, 8RD)
Batting: SHB Aurelio Costello 0-0: Called Strike
0-1: Ball
1-1: Ground out 4-3 (Groundball, 4M)
Scott Forrest to third
Batting: RHB Marcos Rivera 0-0: Called Strike
0-1: Called Strike
0-2: Foul Ball, location: 2F
0-2: Ball
1-2: Strikes out looking
Batting: RHB Darby Carveth 0-0: Ball
1-0: Ground out 5-3 (Groundball, 5)
Bottom of the 2nd over - 0 run(s), 1 hit(s), 0 error(s), 1 left on base; Springfield 4 - Sun Prairie 0
TOP OF THE 3RD
Springfield Shooters batting - Pitching for Sun Prairie Swallows : RHP Scott Woodger
Batting: RHB Tom Potts 0-0: Ball
1-0: Foul Ball, location: 2F
1-1: Ball
2-1: Ball
3-1: Base on Balls
Batting: RHB José López 0-0: Swinging Strike
0-1: Swinging Strike
0-2: Strikes out looking
Batting: RHB Ethan Miller 0-0: Swinging Strike
0-1: Foul Ball, location: 2F
0-2: Ball
1-2: Fly out, F9 (Flyball, 89D)
Batting: RHB Frank Crocker 0-0: Called Strike
0-1: Called Strike
0-2: Foul Ball, location: 2F
0-2: Ball
1-2: Strikes out swinging
Top of the 3rd over - 0 run(s), 0 hit(s), 0 error(s), 1 left on base; Springfield 4 - Sun Prairie 0
BOTTOM OF THE 3RD
Sun Prairie Swallows batting - Pitching for Springfield Shooters : RHP Antonio Godfrey
Batting: RHB Joel Frazier 0-0: Ball
1-0: Swinging Strike
1-1: Ball
2-1: Ball
3-1: Base on Balls
Batting: RHB José Silva 0-0: Ball
1-0: Ball
2-0: Ball
3-0: Base on Balls
Joel Frazier to second
Batting: RHB Reece White 0-0: Ball
1-0: Called Strike
1-1: Ball
2-1: Foul Ball, location: 2F
2-2: Strikes out swinging
Batting: LHB Bobby Moore 0-0: Foul Ball, location: 2F
0-1: Ball
1-1: Foul Ball, location: 2F
1-2: Ball
2-2: Strikes out swinging
Batting: RHB José Carlos Ramos 0-0: Called Strike
0-1: Foul Ball, location: 2F
0-2: Fly out, F7 (Flyball, 78M)
Bottom of the 3rd over - 0 run(s), 0 hit(s), 0 error(s), 2 left on base; Springfield 4 - Sun Prairie 0
TOP OF THE 4TH
Springfield Shooters batting - Pitching for Sun Prairie Swallows : RHP Scott Woodger
Batting: LHB Ray Anderson 0-0: Fly out, F7 (Flyball, 7M)
Batting: RHB Roberto Alonzo 0-0: Ball
1-0: SINGLE (Groundball, 4MD)
Batting: SHB Jack Bell 0-0: Called Strike
0-1: Fly out, F4 (Popup, 9S)
Batting: LHB Torquato Villani 0-0: Ground out 4-3 (Groundball, 4)
Top of the 4th over - 0 run(s), 1 hit(s), 0 error(s), 1 left on base; Springfield 4 - Sun Prairie 0
BOTTOM OF THE 4TH
Sun Prairie Swallows batting - Pitching for Springfield Shooters : RHP Antonio Godfrey
Batting: RHB Scott Forrest 0-0: Foul Ball, location: 2F
0-1: Ball
1-1: Called Strike
1-2: Foul Ball, location: 2F
1-2: Ground out 4-3 (Groundball, 13)
Batting: SHB Aurelio Costello 0-0: Swinging Strike
0-1: SINGLE (Groundball, 4MD)
Batting: RHB Marcos Rivera 0-0: Ball
1-0: Ball
2-0: Fly out, F9 (Line Drive, 9M)
Batting: RHB Darby Carveth 0-0: Foul Ball, location: 2F
0-1: Fly out, F9 (Flyball, 89S)
Bottom of the 4th over - 0 run(s), 1 hit(s), 0 error(s), 1 left on base; Springfield 4 - Sun Prairie 0
TOP OF THE 5TH
Springfield Shooters batting - Pitching for Sun Prairie Swallows : RHP Scott Woodger
Batting: RHB Roy Herring 0-0: Called Strike
0-1: Ball
1-1: Ball
2-1: Foul Ball, location: 2F
2-2: Foul Ball, location: 2F
2-2: Ball
3-2: Foul Ball, location: 2F
3-2: Base on Balls
Batting: RHB Tom Potts 0-0: Called Strike
0-1: Swinging Strike
0-2: Ball
1-2: Fly out, F2 (Popup, 2RF)
Batting: RHB José López 0-0: Foul Ball, location: 2F
0-1: Foul Ball, location: 2F
0-2: Foul Ball, location: 2F
0-2: Ball
Wild Pitch!
Roy Herring to second
1-2: Ball
2-2: DOUBLE (Line Drive, 8LM)
Roy Herring scores
Batting: RHB Ethan Miller 0-0: Ball
1-0: Ball
2-0: Foul Ball, location: 2F
2-1: Foul Ball, location: 2F
2-2: Ground out 6-3 (Groundball, 6)
Batting: RHB Frank Crocker 0-0: Fly out, F9 (Flyball, 9M)
Top of the 5th over - 1 run(s), 1 hit(s), 0 error(s), 1 left on base; Springfield 5 - Sun Prairie 0
BOTTOM OF THE 5TH
Sun Prairie Swallows batting - Pitching for Springfield Shooters : RHP Antonio Godfrey
Batting: RHB Joel Frazier 0-0: Ball
1-0: Foul Ball, location: 2F
1-1: Foul Ball, location: 2F
1-2: Ball
2-2: Foul Ball, location: 2F
2-2: Foul Ball, location: 2F
2-2: Ground out 5-3 (Groundball, 56)
Batting: RHB José Silva 0-0: Ball
1-0: Foul Ball, location: 2F
1-1: Ground out 6-3 (Groundball, 6)
Batting: RHB Reece White 0-0: Ball
1-0: Foul Ball, location: 2F
1-1: DOUBLE (Line Drive, 89M)
Batting: LHB Bobby Moore 0-0: Ball
1-0: Called Strike
1-1: Ball
2-1: SINGLE (Flyball, 9S)
Reece White to third
Runner from 3rd tries for Home, SAFE, no throw or cutoff
Batting: RHB José Carlos Ramos 0-0: Fly out, F4 (Popup, 8LS)
Bottom of the 5th over - 1 run(s), 2 hit(s), 0 error(s), 1 left on base; Springfield 5 - Sun Prairie 1
TOP OF THE 6TH
Springfield Shooters batting - Pitching for Sun Prairie Swallows : RHP Scott Woodger
Batting: LHB Ray Anderson 0-0: Ground out U3 (Groundball, 3S)
Batting: RHB Roberto Alonzo 0-0: Foul Ball, location: 2F
0-1: Swinging Strike
0-2: Strikes out swinging, 2-3 out at first.
Batting: SHB Jack Bell 0-0: Ball
1-0: Ball
2-0: Ball
3-0: Base on Balls
Batting: LHB Torquato Villani 0-0: Ball
1-0: Fly out, F7 (Flyball, 7D)
Top of the 6th over - 0 run(s), 0 hit(s), 0 error(s), 1 left on base; Springfield 5 - Sun Prairie 1
BOTTOM OF THE 6TH
Sun Prairie Swallows batting - Pitching for Springfield Shooters : RHP Antonio Godfrey
Batting: RHB Scott Forrest 0-0: Foul Ball, location: 2F
0-1: Ball
1-1: Swinging Strike
1-2: Strikes out looking
Batting: SHB Aurelio Costello 0-0: Called Strike
0-1: Ball
1-1: Ball
2-1: Ground out 1-3 (Groundball, 13)
Batting: RHB Marcos Rivera 0-0: Ball
1-0: Fly out, F8 (Flyball, 89M)
Bottom of the 6th over - 0 run(s), 0 hit(s), 0 error(s), 0 left on base; Springfield 5 - Sun Prairie 1
TOP OF THE 7TH
Springfield Shooters batting - Pitching for Sun Prairie Swallows : RHP Scott Woodger
Batting: RHB Roy Herring 0-0: Called Strike
0-1: Ball
1-1: Called Strike
1-2: Ground out 3-1 (Groundball, 34)
Batting: RHB Tom Potts 0-0: Ball
1-0: Ball
2-0: Fly out, F7 (Flyball, 7M)
Batting: RHB José López 0-0: Called Strike
0-1: Ground out 5-3 (Groundball, 56S)
Top of the 7th over - 0 run(s), 0 hit(s), 0 error(s), 0 left on base; Springfield 5 - Sun Prairie 1
BOTTOM OF THE 7TH
Sun Prairie Swallows batting - Pitching for Springfield Shooters : RHP Antonio Godfrey
Batting: RHB Darby Carveth 0-0: SINGLE (Line Drive, 89M)
Batting: RHB Joel Frazier 0-0: Called Strike
0-1: Ball
1-1: Fly out, F7 (Line Drive, 78S)
Batting: RHB José Silva 0-0: Ball
1-0: Grounds into double play, U4-3 (Groundball, 4)
Bottom of the 7th over - 0 run(s), 1 hit(s), 0 error(s), 0 left on base; Springfield 5 - Sun Prairie 1
TOP OF THE 8TH
Springfield Shooters batting - Pitching for Sun Prairie Swallows : RHP Scott Woodger
Pitching: RHP Abel Blok
Batting: RHB Ethan Miller 0-0: Ball
1-0: Fly out, F8 (Flyball, 8RM)
Batting: RHB Frank Crocker 0-0: Ball
1-0: Ball
2-0: Foul Ball, location: 2F
2-1: SINGLE (Line Drive, 9LS)
Batting: LHB Ray Anderson 0-0: Ball
1-0: Ball
2-0: Fielders Choice at 2nd, 4-6 (Groundball, 4)
Batting: RHB Roberto Alonzo 0-0: Called Strike
0-1: Fly out, F8 (Line Drive, 8RM)
Top of the 8th over - 0 run(s), 1 hit(s), 0 error(s), 1 left on base; Springfield 5 - Sun Prairie 1
BOTTOM OF THE 8TH
Sun Prairie Swallows batting - Pitching for Springfield Shooters : RHP Antonio Godfrey
Batting: RHB Reece White 0-0: Ground out 6-3 (Groundball, 6M)
Batting: LHB Bobby Moore 0-0: SINGLE (Flyball, 8LS)
Batting: RHB José Carlos Ramos 0-0: Called Strike
0-1: Foul Ball, location: 2F
0-2: Foul Ball, location: 2F
0-2: Ball
1-2: Ball
2-2: Strikes out swinging
Batting: RHB Scott Forrest 0-0: Foul Ball, location: 2F
0-1: Called Strike
0-2: Ball
1-2: Ball
2-2: Ball
3-2: Foul Ball, location: 2F
3-2: Strikes out looking
Bottom of the 8th over - 0 run(s), 1 hit(s), 0 error(s), 1 left on base; Springfield 5 - Sun Prairie 1
TOP OF THE 9TH
Springfield Shooters batting - Pitching for Sun Prairie Swallows : RHP Abel Blok
Pitching: RHP Will Benton
Batting: SHB Jack Bell 0-0: Ball
1-0: Foul Ball, location: 2F
1-1: Foul Ball, location: 2F
1-2: Strikes out swinging
Batting: LHB Torquato Villani 0-0: Ball
1-0: Ball
2-0: Called Strike
2-1: Foul Ball, location: 2F
2-2: Foul Ball, location: 2F
2-2: Ball
3-2: Fly out, F7 (Popup, 7S)
Batting: RHB Roy Herring 0-0: Called Strike
0-1: Called Strike
0-2: Ball
1-2: Strikes out swinging
Top of the 9th over - 0 run(s), 0 hit(s), 0 error(s), 0 left on base; Springfield 5 - Sun Prairie 1
BOTTOM OF THE 9TH
Sun Prairie Swallows batting - Pitching for Springfield Shooters : RHP Antonio Godfrey
Pitching: RHP Sun-taek Ch'oe
Batting: SHB Aurelio Costello 0-0: Ground out 1-3 (Groundball, 2L)
Batting: RHB Marcos Rivera 0-0: Ball
1-0: Ball
2-0: Called Strike
2-1: Foul Ball, location: 2F
2-2: Ball
3-2: Foul Ball, location: 2F
3-2: Strikes out swinging
Batting: RHB Darby Carveth 0-0: Called Strike
0-1: Swinging Strike
0-2: Fly out, F7 (Flyball, 7M)
Bottom of the 9th over - 0 run(s), 0 hit(s), 0 error(s), 0 left on base; Springfield 5 - Sun Prairie 1
This league is powered by Out of the Park Baseball, the baseball management simulation game for PC, Mac and Linux
Friday, April 15th, 2016 - OOTP Baseball 16.9 Build 39